[Event "44th Chess Olympiad Open 2022"]
[Site "Chennai"]
[Date "2022.08.09"]
[Round "11.72"]
[White "Sixtus Gabriel"]
[Black "Alharthi, Ahmed Mohammed A"]
[Result "1/2-1/2"]
[ECO "B01"]
[WhiteElo "1787"]
[BlackElo "1935"]
[Annotator "TA"]
[PlyCount "130"]
[EventDate "2022.07.29"]
[EventType "team-tourn"]
[EventCountry "IND"]
[SourceTitle "playchess.com"]
[Source "ChessBase"]
[SourceQuality "1"]
[WhiteTeam "LCA"]
[BlackTeam "KSA"]
[TimeControl "40/5400+30:1800+30"]

1. e4 d5 2. exd5 Nf6 3. d4 Qxd5 4. Nc3 Qa5 5. Be2 Bf5 6. Nf3 {[%emt 0:00:38] B01: Scandinavian Defence.} Nbd7 7. O-O e6 {[%emt 0:00:36] Against d5} 8. a3 (8. Nd2 $14) 8... c6 $11 9. Bf4 h6 10. b4 Qd8 11. Na4 Nd5 12. Bg3 {[%emt 0:00:54] [#]} b5 $146 {[%emt 0:04:17] [#]} (12... Be7 $14) ({Predecessor:} 12... g5 13. c4 Nf4 14. Bxf4 gxf4 15. Nc5 Bxc5 16. dxc5 Rg8 17. Kh1 Qf6 18. Qd6 Rd8 {0-1 (66) Verduyn,P-Schrevens,J Hengelo 1997}) 13. c4 $1 $16 bxc4 14. Bxc4 N7b6 15. Ba6 Bd6 16. Bb7 Rb8 17. Bxc6+ Ke7 (17... Kf8 $16 18. Rc1 Kg8 19. Nxb6 axb6) 18. Re1 Bxg3 19. hxg3 ({Don't do} 19. fxg3 Kf8 20. Rc1 Rc8 21. Nxb6 Nxb6) 19... Qd6 20. Rc1 {[%emt 0:11:18] [#] Black must now prevent Bxd5.} Rhc8 21. Nxb6 Nxb6 (21... axb6 $142 22. Qa4 Nf6 23. Qa7+ Kf8) 22. Bb5 $2 (22. d5 $18 Kf8 23. Nd4) 22... Nd5 (22... Kf8 $16) 23. Rxc8 (23. Rc5 $18 {is more deadly.}) 23... Rxc8 24. Qa4 (24. Ne5 $16 {Hoping for Qh5.} f6 25. Nc4) 24... Qb6 $11 25. Qa6 Rc3 26. Qxb6 (26. Ra1 {feels hotter.} f6 27. Kf1 Rc2 28. Ne1) 26... axb6 27. Ra1 Nc7 28. Be2 b5 29. Kf1 Bd3 30. Ne5 Bxe2+ 31. Kxe2 {[%emt 0:00:29][%mdl 4096] Endgame KRN-KRN} Rc2+ 32. Ke1 Nd5 33. a4 f6 34. Ng6+ Kd6 (34... Kf7 $5 35. Nf4 Nxf4 36. gxf4 bxa4 $11) 35. axb5 Nxb4 36. Nf4 Rc4 {[%emt 0:01:49] ...Nc2+ is the strong threat.} 37. Ra7 g5 {[%emt 0:01:19] The position is equal.} 38. Ne2 Nc2+ 39. Kd2 Nxd4 40. Kd3 Nxb5 41. Rh7 Ra4 42. Rxh6 Ke5 43. f4+ Kf5 44. g4+ $1 Kxg4 45. Rxf6 gxf4 46. Rxe6 Nc7 47. Rd6 Ra3+ 48. Kd2 Ne8 49. Rd4 Ra2+ 50. Ke1 Ng7 51. Rxf4+ Kg5 52. Rb4 Nf5 53. Kf2 Rc2 54. g4 Nh6 55. Kf3 Ra2 56. Rb5+ Kg6 57. Nf4+ Kf7 58. Rb7+ Kf6 59. Nh5+ Kg5 60. Rb5+ Kh4 61. Nf6 Ra3+ 62. Kf4 Ra4+ 63. Kf3 Ra3+ 64. Kf2 Nxg4+ 65. Nxg4 Kxg4 {[%emt 0:00:00] Black escapes into a draw.  Weighted Error Value: White=0.13 (very precise) /Black=0.14 (very precise)} 1/2-1/2

[Event "44th Chess Olympiad Open 2022"]
[Site "Chennai"]
[Date "2022.08.09"]
[Round "11.73"]
[White "Schadler, Martin"]
[Black "Winston Gerald, Mansfield Thomas"]
[Result "0-1"]
[ECO "B07"]
[WhiteElo "1939"]
[BlackElo "1832"]
[Annotator "TA"]
[PlyCount "75"]
[EventDate "2022.07.29"]
[EventType "team-tourn"]
[EventCountry "IND"]
[SourceTitle "playchess.com"]
[Source "ChessBase"]
[SourceQuality "1"]
[WhiteTeam "Liechtenstein"]
[BlackTeam "SLE"]
[WhiteTeamCountry "LIE"]
[TimeControl "40/5400+30:1800+30"]

1. d4 d6 2. e4 Nf6 3. Nc3 c6 4. f4 Qc7 5. Nf3 Nbd7 6. Bd3 {[%emt 0:07:00] B07: Pirc Defence: Miscellaneous Systems.} (6. e5 $16) 6... e5 $14 7. O-O b5 {[%emt 0:00:21] [#]} ({Black should play} 7... Be7 $14) 8. fxe5 $146 {[%emt 0:01:29] White is better.} (8. Ne2 {is interesting.} Rb8 9. c3 c5 10. Bd2) ({Predecessor:} 8. Ne2 Bb7 9. c3 a6 10. Ng3 c5 11. h3 h5 12. d5 c4 13. Bc2 a5 14. Qe1 {1-0 (37) Goattin,L (1774)-Sorbera,E (1720) Noale 2008}) 8... dxe5 9. dxe5 Nxe5 10. Nxe5 Qxe5 11. Kh1 (11. Bf4 $16 Qc5+ 12. Kh1) 11... Be6 (11... Bg4 $11 {keeps the balance.} 12. Qe1 (12. Bf4 Qxf4 13. Rxf4 Bxd1 $11) 12... Nh5) 12. Bf4 Qc5 (12... Qh5 $1 $14) 13. Qe1 (13. e5 $142 Nd5 14. Nxd5 Qxd5 15. a4) 13... Qb4 (13... Be7 $142) 14. Nd5 Nxd5 (14... cxd5 $11 15. Bd2 Qc5 16. Rxf6 gxf6 17. exd5 Bd6 18. dxe6 Qh5) 15. exd5 $18 cxd5 (15... Qxe1 $142 16. Rfxe1 (16. Raxe1 cxd5 17. Bxb5+ Ke7 $18) 16... cxd5) 16. Qxb4 $2 (16. c3 $18 Qc5 17. Qe5) 16... Bxb4 $14 17. Bxb5+ Ke7 18. Bd3 Bd6 19. Rad1 Bxf4 20. Rxf4 Rhb8 21. b3 g6 22. Re1 g5 (22... a5 $11) 23. Rd4 (23. Rf5 $142) 23... Kd6 $16 24. Rd1 Ke5 {[%emt 0:03:19] Inhibits Be4.} 25. c3 ({Don't go for} 25. Bxh7 $2 Rh8 26. c4 Rxh7 $19) 25... Rc8 26. Re1+ Kf6 27. Rf1+ Kg7 28. Rc1 Rc7 29. c4 Rac8 30. h3 h6 31. Kg1 a5 32. h4 Kf6 {[%emt 0:03:49] [#] Hoping for ...Ke5.} 33. Kf2 Ke5 34. Ke3 f5 $36 {[%emt 0:00:45][%mdl 2048] aiming for ...f4+. Black fights for an advantage.} 35. g3 {[%emt 0:01:22] Inhibits f4+.} Rg8 36. Rg1 $2 (36. Re1 $11) 36... f4+ $1 $19 37. Rxf4 gxf4+ 38. gxf4+ {[%emt 0:00:06] Never resign too early!  Weighted Error Value: White=0.65/Black=0.31} 0-1

[Event "44th Chess Olympiad Open 2022"]
[Site "Chennai"]
[Date "2022.08.09"]
[Round "11.73"]
[White "Frick, Renato"]
[Black "Adeshole Beckley, Brian"]
[Result "1-0"]
[ECO "C11"]
[WhiteElo "1900"]
[BlackElo "1590"]
[Annotator "TA"]
[PlyCount "49"]
[EventDate "2022.07.29"]
[EventType "team-tourn"]
[EventCountry "IND"]
[SourceTitle "playchess.com"]
[Source "ChessBase"]
[SourceQuality "1"]
[WhiteTeam "Liechtenstein"]
[BlackTeam "SLE"]
[WhiteTeamCountry "LIE"]
[TimeControl "40/5400+30:1800+30"]

1. e4 e6 2. d4 d5 3. Nc3 Nf6 4. e5 Nfd7 5. f4 c5 6. Nf3 Nc6 7. Be3 cxd4 8. Nxd4 Bc5 9. Qd2 O-O 10. O-O-O Nxd4 11. Bxd4 a6 {[%emt 0:00:38][%cal Ba7a6,Ba6a5,Ba5a4][%mdl 32] C11: French: Classical System: 4 e5 and 4 Bg5 dxe4.} 12. Bxc5 Nxc5 13. Bd3 b5 {[%emt 0:00:22] Black has an edge.} 14. Qf2 Qb6 15. Kb1 (15. Qh4 $1 $11 h6 16. Kb1) 15... b4 $15 16. Ne2 a5 {[%emt 0:01:59] [#]} 17. g4 $146 ({Predecessor:} 17. Qh4 h6 18. Ng3 Nxd3 19. Rxd3 Ba6 20. Rf3 Rfc8 21. Nh5 Qc5 22. Rc1 Be2 23. Nf6+ gxf6 {½-½ (57) Timman,J (2561)-Libiszewski,F (2468) France 2008}) 17... Ba6 18. f5 Rfb8 {[%emt 0:00:38][%cal Ob4b3] [#] White must now prevent ...b3!} 19. Nf4 a4 20. fxe6 fxe6 21. Bxh7+ $1 Kxh7 22. Qh4+ Kg8 23. Ng6 {[%emt 0:00:13][%cal Oh1f1] Rhf1! would kill now.} b3 $2 (23... Ne4 $11 24. Rhf1 Bxf1 25. Qh8+ Kf7 26. Rxf1+ Nf2) 24. Qh8+ Kf7 {[%emt 0:00:07] [#]} 25. Rhf1+ $1 {[%emt 0:00:10][%mdl 512] Weighted Error Value: White=0.07 (flawless) /Black=0.53} 1-0

[Event "44th Chess Olympiad Open 2022"]
[Site "Chennai"]
[Date "2022.08.09"]
[Round "11.73"]
[White "Kamara, Ansumana"]
[Black "Mannhart, Marcel"]
[Result "1/2-1/2"]
[ECO "B75"]
[WhiteElo "1896"]
[BlackElo "2110"]
[Annotator "NA RC"]
[PlyCount "116"]
[EventDate "2022.07.29"]
[EventType "team-tourn"]
[EventCountry "IND"]
[SourceTitle "playchess.com"]
[Source "ChessBase"]
[SourceQuality "1"]
[WhiteTeam "SLE"]
[BlackTeam "Liechtenstein"]
[BlackTeamCountry "LIE"]
[TimeControl "40/5400+30:1800+30"]

1. e4 c5 2. Nf3 g6 3. d4 cxd4 4. Nxd4 Bg7 5. Be3 Nc6 6. Nc3 Nf6 7. f3 d6 8. Qd2 h5 9. O-O-O Bd7 10. Kb1 Qa5 11. Nb3 Qd8 12. g3 Qc8 13. h3 Ne5 14. Qe2 Be6 15. Nd5 Bxd5 16. exd5 Qc7 17. f4 Ned7 18. Qd3 Rc8 19. c4 a5 20. Nd4 Nc5 21. Qc2 Nfe4 22. Nb5 Qd7 23. Rg1 f5 24. g4 hxg4 25. hxg4 Kf7 26. gxf5 Qxf5 27. Bxc5 Nxc5 28. Qxf5+ gxf5 29. Rg5 Bf6 30. Rxf5 Rh2 31. Nd4 Ne4 32. Bd3 Nf2 33. Rd2 Rh1+ 34. Kc2 Nxd3 35. Kxd3 Rg8 36. Re2 Rg3+ 37. Kc2 Kg6 38. Rxf6+ Kxf6 39. Re6+ Kf7 40. Rxe7+ Kxe7 41. Nf5+ Kd7 42. Nxg3 Rh2+ 43. Kc1 Rf2 44. Ne4 Rxf4 45. Nd2 Kc7 46. Kc2 Rh4 47. a4 Kb6 48. Kc3 Kc5 49. Nb3+ Kb6 50. Nc1 Kc5 51. Nd3+ Kb6 52. Nc1 Rh2 53. Nd3 Rh3 54. Kc2 Re3 55. Kd2 Rf3 56. Kc3 Rh3 57. Kd4 Rh4+ 58. Kc3 Rh3 1/2-1/2

[Event "44th Chess Olympiad Open 2022"]
[Site "Chennai"]
[Date "2022.08.09"]
[Round "11.73"]
[White "Lwebuga, Ronald"]
[Black "Jelic, Dejan"]
[Result "1-0"]
[ECO "A53"]
[WhiteElo "1818"]
[BlackElo "1905"]
[Annotator "NA RC"]
[PlyCount "115"]
[EventDate "2022.07.29"]
[EventType "team-tourn"]
[EventCountry "IND"]
[SourceTitle "playchess.com"]
[Source "ChessBase"]
[SourceQuality "1"]
[WhiteTeam "SLE"]
[BlackTeam "Liechtenstein"]
[BlackTeamCountry "LIE"]
[TimeControl "40/5400+30:1800+30"]

1. d4 Nf6 2. c4 c6 3. Nc3 d6 4. e4 Qa5 5. Bd2 Qc7 6. Nf3 e5 7. Be2 Bg4 8. d5 Nbd7 9. b4 Be7 10. Qc2 O-O 11. O-O Rfc8 12. Rfc1 h6 13. h3 Bh5 14. Rab1 Nb6 15. Be3 cxd5 16. Bxb6 axb6 17. cxd5 Nxe4 18. Rb3 Nxc3 19. Rxc3 Qxc3 20. Qxc3 Rxc3 21. Rxc3 Rxa2 22. Rc8+ Bf8 23. Bd3 Ra1+ 24. Kh2 Ra3 25. Ne1 Ra1 26. Nc2 Rd1 27. Be4 Rc1 28. g4 Bg6 29. Bxg6 fxg6 30. Rc4 b5 31. Rc7 Rd1 32. Ne3 Rd4 33. Rxb7 Rxb4 34. Ng2 Rb1 35. Nh4 b4 36. Nxg6 b3 37. Rb8 Kf7 38. Nxf8 b2 39. Nd7 Ke7 40. Rb7 Kd8 41. Nf8 Rd1 42. Rxb2 Rxd5 43. Ne6+ Ke7 44. Nxg7 Kf6 45. Nf5 h5 46. Rb6 Kg5 47. Rxd6 Rxd6 48. Nxd6 hxg4 49. hxg4 Kxg4 50. Kg2 Kf4 51. f3 Kg5 52. Kf2 Kf6 53. Ke3 Ke6 54. Nb5 Kf5 55. Nc3 Kf6 56. Ke4 Ke6 57. Nd1 Kf6 58. Ne3 1-0

[Event "44th Chess Olympiad Open 2022"]
[Site "Chennai"]
[Date "2022.08.09"]
[Round "11.74"]
[White "Traore, Bakary"]
[Black "Moncur, Cecil"]
[Result "1/2-1/2"]
[ECO "B45"]
[WhiteElo "2181"]
[BlackElo "1815"]
[Annotator "RC"]
[PlyCount "206"]
[EventDate "2022.07.29"]
[EventType "team-tourn"]
[EventCountry "IND"]
[SourceTitle "playchess.com"]
[Source "ChessBase"]
[SourceQuality "1"]
[WhiteTeam "Mali"]
[BlackTeam "Bahamas"]
[WhiteTeamCountry "MLI"]
[BlackTeamCountry "BAH"]
[TimeControl "40/5400+30:1800+30"]

1. e4 c5 2. Nf3 e6 3. Nc3 Nc6 4. d4 cxd4 5. Nxd4 Nf6 6. Ndb5 Bb4 7. Bf4 e5 8. Bg5 O-O 9. a3 Be7 10. Bxf6 Bxf6 11. Nd6 Nd4 12. Nd5 Be7 13. Nxc8 Rxc8 14. c3 Nc6 15. Be2 d6 16. O-O Nb8 17. Qc2 Nd7 18. Bg4 Rc6 19. Bxd7 Qxd7 20. Rad1 Qe6 21. h3 g6 22. Qb3 Rb6 23. Qc2 Rc6 24. Qe2 a6 25. Qg4 f5 26. exf5 Rxf5 27. Ne3 Rf6 28. Qxe6+ Rxe6 29. Rfe1 Kf7 30. Kf1 Bd8 31. Nd5 Bb6 32. Re4 Bd8 33. Ke2 g5 34. g4 Rg6 35. Rb4 b6 36. Re4 Ke6 37. Nb4 Rc8 38. Nxa6 d5 39. Re3 Bf6 40. Nb4 Rc5 41. Kf3 e4+ 42. Kg2 Be5 43. f3 Bf4 44. Re2 e3 45. Nc2 Kf7 46. Nxe3 Re6 47. Kf2 h5 48. Nxd5 Rd6 49. c4 hxg4 50. fxg4 b5 51. Rde1 Rxc4 52. Re7+ Kg6 53. R1e6+ Rxe6 54. Rxe6+ Kf7 55. Rf6+ Kg7 56. Rf5 Rc2+ 57. Kf3 Rxb2 58. Nxf4 Rb3+ 59. Kg2 gxf4 60. Rxf4 Rxa3 61. Rb4 Ra5 62. Kg3 Kg6 63. Kh4 Kh6 64. Rb3 Kg6 65. Kg3 Kh6 66. h4 Kg6 67. Kf3 Kf6 68. Rb4 Ra3+ 69. Ke4 Rh3 70. Rxb5 Rxh4 71. Kf4 Rh1 72. Rb6+ Kg7 73. Kg5 Rg1 74. Rb7+ Kg8 75. Kh5 Rc1 76. Rb6 Kg7 77. Rg6+ Kh7 78. Ra6 Kg7 79. Ra7+ Kg8 80. g5 Rc6 81. Re7 Ra6 82. Kg4 Kf8 83. Rd7 Kg8 84. Kf5 Ra5+ 85. Kg6 Ra6+ 86. Kh5 Rb6 87. g6 Rb1 88. Rd8+ Kg7 89. Rd7+ Kg8 90. Rd5 Rh1+ 91. Kg5 Rg1+ 92. Kf6 Rf1+ 93. Rf5 Rxf5+ 94. Kxf5 Kg7 95. Kg5 Kg8 96. Kf4 Kg7 97. Kf5 Kg8 98. Kf6 Kf8 99. Kg5 Kg7 100. Kh5 Kg8 101. Kg5 Kg7 102. Kf5 Kg8 103. Kf6 Kf8 1/2-1/2

[Event "44th Chess Olympiad Open 2022"]
[Site "Chennai"]
[Date "2022.08.09"]
[Round "11.74"]
[White "Knowles, Kendrick"]
[Black "Diarra, Sirike"]
[Result "0-1"]
[ECO "E07"]
[WhiteElo "1907"]
[BlackElo "1641"]
[Annotator "NA RC"]
[PlyCount "88"]
[EventDate "2022.07.29"]
[EventType "team-tourn"]
[EventCountry "IND"]
[SourceTitle "playchess.com"]
[Source "ChessBase"]
[SourceQuality "1"]
[WhiteTeam "Bahamas"]
[BlackTeam "Mali"]
[WhiteTeamCountry "BAH"]
[BlackTeamCountry "MLI"]
[TimeControl "40/5400+30:1800+30"]

1. Nf3 d5 2. d4 Nf6 3. g3 e6 4. Bg2 Be7 5. c4 O-O 6. O-O Nbd7 7. Nc3 dxc4 8. a4 Nd5 9. e4 Nxc3 10. bxc3 c5 11. Qe2 cxd4 12. cxd4 Qc7 13. Bf4 Qc6 14. Rfc1 c3 15. Qd3 Bb4 16. e5 Qa6 17. Qb1 Qa5 18. Ng5 g6 19. Qb3 Nb6 20. Ne4 Nd5 21. Bh6 Re8 22. Qd1 Qd8 23. Qf3 a5 24. Ng5 f5 25. exf6 Qxf6 26. Qd3 Bd7 27. Ne4 Qf5 28. h3 Rac8 29. g4 Qf7 30. Qg3 Rc6 31. Qe5 Be7 32. g5 Rec8 33. Bf1 Rb6 34. Rc2 Rb2 35. Rxb2 cxb2 36. Rb1 Rc2 37. Qb8+ Be8 38. Qxb7 Nb4 39. Qb8 Nc6 40. Qb7 Nb4 41. Kg2 Bc6 42. Qb8+ Bf8 43. Qe5 Qxf2+ 44. Kh1 Bxe4+ 0-1

[Event "44th Chess Olympiad Open 2022"]
[Site "Chennai"]
[Date "2022.08.09"]
[Round "11.74"]
[White "Maiga, Baba Moulaye Abdalla"]
[Black "Karelina, Polina"]
[Result "1/2-1/2"]
[ECO "B07"]
[WhiteElo "1822"]
[BlackElo "1835"]
[Annotator "NA RC COMBH"]
[PlyCount "102"]
[EventDate "2022.07.29"]
[EventType "team-tourn"]
[EventCountry "IND"]
[SourceTitle "playchess.com"]
[Source "ChessBase"]
[SourceQuality "1"]
[WhiteTeam "Mali"]
[BlackTeam "Bahamas"]
[WhiteTeamCountry "MLI"]
[BlackTeamCountry "BAH"]
[TimeControl "40/5400+30:1800+30"]

1. e4 d6 2. d4 Nf6 3. Nc3 c6 4. a4 a5 5. Bc4 Nbd7 6. Bg5 e5 7. Nf3 Be7 8. dxe5 dxe5 9. O-O O-O 10. Qe2 Qc7 11. h3 h6 12. Be3 Re8 13. Nh4 Nf8 14. Nf5 Be6 15. Bxe6 fxe6 16. Qc4 Kh8 17. Ng3 Bd8 18. Rad1 Qf7 19. Bc5 Ng6 20. Rd2 Bc7 21. Rfd1 Rad8 22. Nf5 Nf4 23. Rxd8 Rxd8 24. Rxd8+ Bxd8 25. Kh2 Qh5 26. Ne3 Nh7 27. Qf1 Ng5 28. Ng4 b5 29. Be3 b4 30. Ne2 Nxe4 31. Nxf4 exf4 32. Bxf4 Qf5 33. g3 Bb6 34. f3 Nc5 35. Ne3 Qf6 36. Nc4 Bd8 37. Be5 Qf5 38. Qd1 Be7 39. b3 Kh7 40. Qe2 Nd7 41. f4 Nxe5 42. Nxe5 Bf6 43. Nxc6 Kg8 44. Ne5 Bxe5 45. fxe5 Kh8 46. Kg2 Kg8 47. g4 Qf4 48. h4 Kh8 49. h5 Kg8 50. Kh3 Kh8 51. Kg2 Kg8 1/2-1/2

[Event "44th Chess Olympiad Open 2022"]
[Site "Chennai"]
[Date "2022.08.09"]
[Round "11.74"]
[White "Albury, Noah"]
[Black "Ndiaye, Amadou"]
[Result "1-0"]
[ECO "B76"]
[WhiteElo "1324"]
[BlackElo "1968"]
[Annotator "TA"]
[PlyCount "111"]
[EventDate "2022.07.29"]
[EventType "team-tourn"]
[EventCountry "IND"]
[SourceTitle "playchess.com"]
[Source "ChessBase"]
[SourceQuality "1"]
[WhiteTeam "Bahamas"]
[BlackTeam "Mali"]
[WhiteTeamCountry "BAH"]
[BlackTeamCountry "MLI"]
[TimeControl "40/5400+30:1800+30"]

1. e4 c5 2. Nf3 g6 3. d4 cxd4 4. Nxd4 Bg7 5. Nc3 Nc6 6. Be3 d6 7. Qd2 Nf6 8. f3 O-O 9. O-O-O a5 {[%emt 0:03:18] B76: Sicilian Dragon: Yugoslav Attack, 9 g4 and 9 0-0-0.} (9... d5 $1 $14) 10. h4 Bd7 11. h5 {[%emt 0:06:15] White is more active.} Nxd4 (11... Nxh5 $14 12. Nxc6 bxc6) 12. Bxd4 $18 {[%emt 0:01:07] [#]} b5 $146 ({Predecessor:} 12... Qc7 13. Nd5 Nxd5 14. exd5 Bxd4 15. Qxd4 Bf5 16. c3 Qd7 17. g4 e5 18. Qg1 Qa4 19. gxf5 Qxa2 {1-0 (34) Mueller,M (2320)-Mueller,J Mendig 1994}) 13. hxg6 (13. Nxb5 $6 Nxh5 14. Bxg7 Kxg7 15. Nxd6 (15. g4 Bxb5 16. gxh5 Bxf1 $16) 15... exd6) 13... fxg6 14. e5 ({Resist} 14. Bxb5 $6 Bxb5 15. Nxb5 a4 $18) 14... b4 $2 (14... dxe5 15. Bxe5 e6 16. Nxb5 Bxb5) 15. exf6 bxc3 16. Bc4+ $2 (16. Bxc3 Rxf6 17. Bxf6 Bxf6 18. Bc4+ e6 19. Qxd6) 16... e6 17. Bxc3 {[%emt 0:01:46] Really sharp!} Bxf6 18. Bxf6 Qxf6 19. Qxd6 $40 {[%emt 0:02:37][%mdl 128] White goes for the king.} Rab8 20. Qd4 ({Inferior is} 20. Qxd7 Qxb2+ 21. Kd2 Rfd8 22. Bxe6+ Kf8 23. Rxh7 Rxd7+ 24. Rxd7 Rc8 25. Rf7+ Ke8 26. Bxc8 Kxf7 $15) 20... Qg5+ 21. Kb1 Rb7 22. Qh4 (22. Ba6 $142 Rc7 23. Qb6) 22... Qxh4 23. Rxh4 Rfb8 $2 (23... Re8 24. Rhd4 Bc8) 24. b3 a4 $2 {[%emt 0:00:50] [#]} (24... Re8 25. Rd6 Kg7) 25. Rhd4 (25. Rxd7 $142 $1 Rxd7 26. Bxe6+ Rf7 27. Rf4) 25... Bc8 26. Rd8+ Kg7 27. Ba6 Rc7 28. Rxc8 Rbxc8 29. Bxc8 Rxc8 30. bxa4 {[%emt 0:00:54][%mdl 4096] Endgame Threatens to win with Rd7+. KR-KR} Rb8+ 31. Kc1 Rb4 32. Rd7+ Kf6 33. Rxh7 Rxa4 34. Kb2 {[%emt 0:00:24] Black must now prevent Kb3.} Rb4+ 35. Kc3 Ra4 36. Kb3 Rd4 37. a4 {[%emt 0:01:51] Strongly threatening a5.} Rd6 (37... Ke5 $142 38. a5 Rd1) 38. a5 Ra6 39. Kb4 Ke5 40. Kb5 Rd6 41. c4 Rd2 42. g3 Rb2+ 43. Kc5 Ra2 44. Ra7 Ra3 45. f4+ Ke4 46. Kd6 Rxg3 47. Kxe6 Rc3 48. Rc7 Ra3 {[%emt 0:00:03] [#]} 49. Rc5 $1 Kd4 50. Kd6 Rf3 51. a6 {[%emt 0:00:11] Intending Ra5 and mate.} Rxf4 52. Ra5 {[%emt 0:01:29] White mates.} Rf8 53. a7 Kxc4 54. a8=Q Rxa8 55. Rxa8 Kd4 56. Rg8 {[%emt 0:00:16] White took control after the opening.  Weighted Error Value: White=0.57/Black=0.63} 1-0

[Event "44th Chess Olympiad Open 2022"]
[Site "Chennai"]
[Date "2022.08.09"]
[Round "11.76"]
[White "Isam, Gaith"]
[Black "de Araujo, Helder"]
[Result "1-0"]
[ECO "C00"]
[WhiteElo "1828"]
[BlackElo "1742"]
[Annotator "NA RC COMBH"]
[PlyCount "55"]
[EventDate "2022.07.29"]
[EventType "team-tourn"]
[EventCountry "IND"]
[SourceTitle "playchess.com"]
[Source "ChessBase"]
[SourceQuality "1"]
[WhiteTeam "Palestine"]
[BlackTeam "TLS"]
[WhiteTeamCountry "PLE"]
[TimeControl "40/5400+30:1800+30"]

1. e4 e6 2. f4 d5 3. e5 Nh6 4. Nf3 c5 5. Bb5+ Bd7 6. Bxd7+ Nxd7 7. d3 Be7 8. O-O O-O 9. Qe1 Rc8 10. Nc3 a6 11. h3 b5 12. g4 Qb6 13. f5 d4 14. Ne2 f6 15. exf6 Nxf6 16. g5 Nxf5 17. gxf6 Rxf6 18. Nf4 Rcf8 19. Ne5 Ne3 20. Bxe3 dxe3 21. Nd7 Qc7 22. Nxf6+ Rxf6 23. Qxe3 c4 24. d4 Qc6 25. Rae1 Bd6 26. Nxe6 Rg6+ 27. Ng5 h6 28. Qe8+ 1-0

[Event "44th Chess Olympiad Open 2022"]
[Site "Chennai"]
[Date "2022.08.09"]
[Round "11.76"]
[White "Shawabke Ziyad"]
[Black "dos Reis, Tito"]
[Result "1-0"]
[ECO "A53"]
[WhiteElo "1786"]
[BlackElo "1658"]
[Annotator "NA RC COMBH"]
[PlyCount "93"]
[EventDate "2022.07.29"]
[EventType "team-tourn"]
[EventCountry "IND"]
[SourceTitle "playchess.com"]
[Source "ChessBase"]
[SourceQuality "1"]
[WhiteTeam "Palestine"]
[BlackTeam "TLS"]
[WhiteTeamCountry "PLE"]
[TimeControl "40/5400+30:1800+30"]

1. c4 d6 2. d4 Nf6 3. Nc3 c6 4. e4 Qa5 5. Bd3 h6 6. Nge2 Bg4 7. f3 Bc8 8. Be3 Nbd7 9. Qd2 e5 10. d5 Be7 11. O-O a6 12. a3 c5 13. Rfb1 Qd8 14. b4 b6 15. Bc2 Nf8 16. Ba4+ Bd7 17. Bxd7+ N8xd7 18. bxc5 bxc5 19. Qc2 O-O 20. Bd2 Nh5 21. a4 Qc8 22. a5 Rb8 23. Rxb8 Qxb8 24. Qa4 Nhf6 25. Qc6 Rc8 26. Qxa6 Qa8 27. Qb5 Qa7 28. Qa4 Bd8 29. Nb5 Qa6 30. Ng3 Kf8 31. Nf5 Ne8 32. Nbxd6 Nxd6 33. Qxd7 Nxc4 34. Bc3 Bg5 35. Rb1 Ra8 36. Rb7 Qg6 37. a6 Rd8 38. Qb5 Ne3 39. Qxc5+ Kg8 40. Rb6 Qh5 41. Nxe3 Bf4 42. Nf1 g5 43. a7 g4 44. fxg4 Qxg4 45. Rb8 Rxb8 46. axb8=Q+ Kh7 47. Bxe5 1-0

[Event "44th Chess Olympiad Open 2022"]
[Site "Chennai"]
[Date "2022.08.09"]
[Round "11.76"]
[White "da Conceicao, Marcos"]
[Black "seder mohamad"]
[Result "0-1"]
[ECO "C00"]
[WhiteElo "1713"]
[BlackElo "1950"]
[Annotator "TA"]
[PlyCount "34"]
[EventDate "2022.07.29"]
[EventType "team-tourn"]
[EventCountry "IND"]
[SourceTitle "playchess.com"]
[Source "ChessBase"]
[SourceQuality "1"]
[WhiteTeam "TLS"]
[BlackTeam "Palestine"]
[BlackTeamCountry "PLE"]
[TimeControl "40/5400+30:1800+30"]

1. e4 e6 2. b3 d5 3. exd5 exd5 4. Bb2 Nf6 5. d4 Bf5 6. Nf3 {[%emt 0:00:34] C00: French: Unusual White 2nd moves.} Bd6 7. Be2 O-O 8. O-O {[%emt 0:00:07] The position is equal.} Nbd7 9. Nbd2 Re8 {[%emt 0:03:08][%cal Of5c2] [#]} 10. c4 $146 ({Predecessor:} 10. Re1 c6 11. c4 Bf4 12. Nh4 Be6 13. Qc2 Ne4 14. Nxe4 dxe4 15. Qxe4 Qxh4 16. g3 Bxg3 17. fxg3 Qxe4 {0-1 (27) Caballero Castro,C (1561)-Serrato,R (1871) Tunja 2018}) 10... c6 11. c5 Bc7 12. Re1 Ne4 13. h3 ({Better is} 13. b4 $15) 13... Qf6 $17 {[%emt 0:02:49] Black is much more active.} 14. Nf1 $2 {[%emt 0:02:11] [#]} (14. Qc1 $17 {was worth a try.}) 14... Qe6 $2 (14... Bxh3 $1 $19 {[%mdl 512] and Black stays clearly on top.} 15. Ne3 {[#]} Qf4 $1) 15. Ne3 (15. Bd3 $17 {is tougher.}) 15... Nxf2 $19 16. Kxf2 (16. Qd2 $19 Qxe3 17. Qxe3 Nxh3+ 18. gxh3 Rxe3 19. Kf2) 16... Qxe3+ 17. Kf1 Bg3 {[%emt 0:00:02] Weighted Error Value: White=1.30/Black=0.35} 0-1

[Event "44th Chess Olympiad Open 2022"]
[Site "Chennai"]
[Date "2022.08.09"]
[Round "11.76"]
[White "Guterres, Cosme"]
[Black "Altell, Majed"]
[Result "0-1"]
[ECO "D05"]
[WhiteElo "1692"]
[BlackElo "1807"]
[Annotator "NA RC COMBH"]
[PlyCount "68"]
[EventDate "2022.07.29"]
[EventType "team-tourn"]
[EventCountry "IND"]
[SourceTitle "playchess.com"]
[Source "ChessBase"]
[SourceQuality "1"]
[WhiteTeam "TLS"]
[BlackTeam "Palestine"]
[BlackTeamCountry "PLE"]
[TimeControl "40/5400+30:1800+30"]

1. d4 Nf6 2. Nf3 d5 3. c3 c5 4. e3 Nc6 5. Bd3 Bg4 6. h3 Bh5 7. Qc2 e6 8. Nbd2 c4 9. Be2 Bd6 10. Nf1 O-O 11. Qd1 Qc7 12. Ng1 Bg6 13. f4 Ne4 14. Nf3 f6 15. g3 Ne7 16. Nh4 Bf7 17. Bf3 Ng6 18. Ng2 e5 19. Bxe4 dxe4 20. dxe5 fxe5 21. f5 Ne7 22. g4 Rad8 23. Nd2 Bc5 24. Qe2 Rd3 25. O-O Qc6 26. Kh2 Bd5 27. Rf2 Qh6 28. Nf1 Bc6 29. Bd2 Nd5 30. Re1 Rd8 31. Bc1 b5 32. a3 Bd6 33. Qc2 Nf4 34. exf4 Rxh3+ 0-1

[Event "44th Chess Olympiad Open 2022"]
[Site "Chennai"]
[Date "2022.08.09"]
[Round "11.77"]
[White "Vasco Mateus Felizardo Viageir"]
[Black "Esungi, Guy Botetsi"]
[Result "1-0"]
[ECO "C62"]
[WhiteElo "1852"]
[BlackElo "1481"]
[Annotator "NA RC COMBH"]
[PlyCount "49"]
[EventDate "2022.07.29"]
[EventType "team-tourn"]
[EventCountry "IND"]
[SourceTitle "playchess.com"]
[Source "ChessBase"]
[SourceQuality "1"]
[WhiteTeam "Mozambique"]
[BlackTeam "COD"]
[WhiteTeamCountry "MOZ"]
[TimeControl "40/5400+30:1800+30"]

1. e4 e5 2. Nf3 d6 3. d4 exd4 4. Qxd4 Nc6 5. Bb5 Bd7 6. Bxc6 Bxc6 7. Nc3 Be7 8. Qxg7 Bf6 9. Qg3 Bxc3+ 10. bxc3 Qf6 11. O-O Qxc3 12. Be3 Bxe4 13. Bd4 Qxc2 14. Bxh8 Kd7 15. Rfe1 Bg6 16. Rad1 Ne7 17. Ne5+ Ke8 18. Nxg6 hxg6 19. Qg5 Kd7 20. Qxe7+ Kc6 21. Rc1 Qxc1 22. Rxc1+ Kb6 23. Qxc7+ Ka6 24. Qc4+ b5 25. Qc6+ 1-0